 Dungeon Crawl Stone Soup version 0.32-a0-17-gb74e046682 (webtiles) character file.

Game seed: 1766419174388548677

1777843 Monkooky the Unweaver (level 25, 162/162 HPs)
             Began as a Gargoyle Earth Elementalist on Jan 10, 2024.
             Was a Follower of Lugonu.
             Escaped with the Orb
             ... and 3 runes
             ... and 1 gem on Jan 15, 2024!
             The game lasted 05:44:40 (63302 turns).

Monkooky the Unweaver (GrEE)                       Turns: 63302, Time: 05:44:41

Health: 162/162    AC: 42    Str: 11 (13) XL:     25   Next: 57%
Magic:  38/40      EV: 16    Int: 31 (33) God:    Lugonu [*.....]
Gold:   2954       SH:  9    Dex: 18 (21) Spells: 3/51 levels left

rFire   + . .        x - staff of earth
rCold   . . .        L - +2 buckler "Gutebi" {Fly Will+ Regen+}
rNeg    + + .        C - +5 robe of Night {Dark Will+ SInv}
rPois   ∞            X - +2 helmet {SInv}
rElec   +            H - +2 cloak {Will+}
rCorr   .            M - +2 pair of gloves {Dex+3}
SInv    +            O - +2 pair of boots
Will    +++++        S - amulet "Lil Dyoni" {RegenMP Dex+4}
Stlth   ++           W - ring "Joukk" {Will+ Int+6}
HPRegen 1.27/turn    N - ring "Jirufeo" {rF+ rN+ Will+ Dex+4 Stlth+}
MPRegen 0.67/turn

%: no passive effects
@: flying, studying Polearms
A: sickness immunity, AC +19, big wings, negative energy resistance 1,
electricity resistance, torment resistance 1, petrification resistance,
iridescent scales 1, screaming 1, inability to read after injury 1
0: Orb of Zot
}: 3/15 runes: barnacled, silver, gossamer
a: Renounce Religion, Depart the Abyss


You escaped.
You worshipped Lugonu.
Lugonu was aware of your devotion.
You visited 10 branches of the dungeon, and saw 48 of its levels.
You visited the Abyss 1 time.
You visited 1 bazaar.
You also visited: Trove, Gauntlet, Volcano and Desolation.

You collected 8264 gold pieces.
You spent 5310 gold pieces at shops.

Inventory:

Missiles
 P - 5 throwing nets
Armour
 C - the +5 robe of Night (worn) {Dark Will+ SInv}
   (You found it on level 3 of the Elven Halls)

   Dark:      It shrouds the wearer in darkness, reducing the range at which
   they can see and be seen by others.
   Will+:     It increases your willpower.
   SInv:      It lets you see invisible.
 H - a +2 cloak of willpower (worn)
 L - the +2 buckler "Gutebi" (worn) {Fly Will+ Regen+}
   (You bought it in a shop on level 2 of the Elven Halls)

   Will+:     It increases your willpower.
   Fly:       It grants you flight.
   Regen+:    It increases your rate of health regeneration.
 M - a +2 pair of gloves of dexterity (worn)
 O - a +2 pair of boots (worn)
 X - a +2 helmet of see invisible (worn)
Magical Staves
 w - a staff of death
 x - a staff of earth (weapon)
Jewellery
 d - the ring "Vietoe" {Fly rF+ rN+++ MP-9 Int+4 Stlth-}
   (You found it in the Desolation of Salt)

   [ring of protection from fire]

   Int+4:     It affects your intelligence (+4).
   rF+:       It protects you from fire.
   rN+++:     It renders you almost immune to negative energy.
   MP-9:      It affects your magic capacity (-9).
   Fly:       It grants you flight.
   Stlth-:    It makes you less stealthy.
 v - the ring "Pokoacvo" {rElec rCorr Str+3 Int+2}
   (You took it off a deep elf annihilator on level 3 of the Elven Halls)

   [ring of resist corrosion]

   Str+3:     It affects your strength (+3).
   Int+2:     It affects your intelligence (+2).
   rElec:     It insulates you from electricity.
   rCorr:     It protects you from acid and corrosion.
 K - a ring of protection from cold
 N - the ring "Jirufeo" (right hand) {rF+ rN+ Will+ Dex+4 Stlth+}
   (You found it in the Desolation of Salt)

   [ring of protection from fire]

   Dex+4:     It affects your dexterity (+4).
   rF+:       It protects you from fire.
   rN+:       It protects you from negative energy.
   Will+:     It increases your willpower.
   Stlth+:    It makes you more stealthy.
 R - the ring of Sif Ront {EV+5 Slay+2}
   (You took it off a deep elf annihilator on level 3 of the Elven Halls)

   [ring of evasion]

   EV+5:      It affects your evasion (+5).
   Slay+2:    It affects your accuracy & damage with ranged weapons and melee
   (+2).
 S - the amulet "Lil Dyoni" (around neck) {RegenMP Dex+4}
   (You found it in a treasure trove)

   [amulet of magic regeneration]

   RegenMP:   It increases your rate of magic regeneration.
   Dex+4:     It affects your dexterity (+4).
 W - the ring "Joukk" (left hand) {Will+ Int+6}
   (You found it on level 14 of the Dungeon)

   [ring of intelligence]

   Int+6:     It affects your intelligence (+6).
   Will+:     It increases your willpower.
Wands
 a - a wand of light (19)
 y - a wand of mindburst (15)
 I - a wand of charming (48)
 V - a wand of roots (4)
Scrolls
 h - 11 scrolls of poison
 i - 12 scrolls of immolation
 m - 6 scrolls of fear
 n - 7 scrolls of fog
 o - 5 scrolls of vulnerability
 r - 6 scrolls of amnesia
 u - 3 scrolls of butterflies
 E - 16 scrolls of teleportation
 F - 8 scrolls of torment
 Z - 3 scrolls of silence
Potions
 b - 9 potions of magic
 c - 5 potions of heal wounds
 e - 3 potions of invisibility
 f - 24 potions of curing
 g - 10 potions of lignification
 j - 5 potions of cancellation
 l - 8 potions of enlightenment
 p - 5 potions of attraction
 q - 4 potions of berserk rage
 s - a potion of haste
 z - 6 potions of brilliance
 D - 12 potions of ambrosia
 T - 8 potions of might
 U - 5 potions of resistance
 Y - 2 potions of mutation
Miscellaneous
 k - a phial of floods
 B - a lightning rod (4/4)
 J - a phantom mirror


   Skills:
 - Level 17.7 Fighting
 - Level 12.0 Staves
 - Level 9.4 Armour
 - Level 7.2 Dodging
 - Level 7.0 Stealth
 - Level 9.1 Shields
 - Level 13.9 Spellcasting
 - Level 15.0 Conjurations
 - Level 1.9 Summonings
 - Level 14.0 Necromancy
 + Level 10.7 Translocations
 - Level 18.0 Earth Magic
 - Level 10.0 Alchemy
 - Level 19.1 Invocations
 - Level 8.3 Evocations


You had 3 spell levels left.
You knew the following spells:

 Your Spells              Type           Power      Damage    Failure   Level
a - Sandblast             Erth           100%       2d20      0%          1
b - Petrify               Alch/Erth      100%       N/A       1%          4
c - Death Channel         Necr           41%        N/A       1%          6
d - Passwall              Erth           100%       N/A       0%          3
e - Irradiate             Conj/Alch      39%        3d24      1%          5
f - Mephitic Cloud        Conj/Alch/Air  65%        N/A       1%          3
g - Leda's Liquefaction   Alch/Erth      52%        N/A       1%          4
h - Bombard               Conj/Erth      55%        9d9       1%          6
i - Olgreb's Toxic Radia  Alch           70%        N/A       1%          4
j - Lee's Rapid Deconstr  Erth           58%        3d27*     1%          5
k - Martyr's Knell        Necr/Summ      63%        N/A       1%          4
l - Apportation           Tloc           100%       N/A       1%          1
m - Blink                 Tloc           100%       N/A       1%          2

Your spell library contained the following spells:

 Spells                   Type           Power      Damage    Failure   Level
 Magic Dart               Conj           100%       1d8       0%          1
 Necrotise                Necr           100%       1d9       0%          1
 Searing Ray              Conj           100%       2d8       0%          2
 Stone Arrow              Conj/Erth      100%       3d13      0%          3
 Shock                    Conj/Air       100%       1d9       1%          1
 Call Imp                 Summ           66%        N/A       1%          2
 Lesser Beckoning         Tloc           100%       N/A       1%          2
 Momentum Strike          Conj/Tloc      100%       3d10      1%          2
 Static Discharge         Conj/Air       100%       3-8/arc   1%          2
 Dazzling Flash           Conj/Hex       100%       N/A       1%          3
 Gell's Gravitas          Tloc           73%        N/A       1%          3
 Hailstorm                Conj/Ice       62%        3d11      1%          3
 Teleport Other           Tloc           73%        N/A       1%          3
 Vampiric Draining        Necr           83%        2d11      1%          3
 Volatile Blastmotes      Fire/Tloc      100%       2d18      1%          3
 Call Canine Familiar     Summ           33%        N/A       3%          3
 Ensorcelled Hibernation  Hex/Ice        42%        N/A       4%          2
 Jinxbite                 Hex            42%        N/A       4%          2
 Summon Ice Beast         Ice/Summ       27%        N/A       5%          3
 Frozen Ramparts          Ice            42%        1d7       9%          3
 Inner Flame              Hex/Fire       21%        N/A       9%          3
 Sigil of Binding         Hex            21%        N/A       9%          3
 Swiftness                Air            21%        N/A       9%          3
 Tukima's Dance           Hex            21%        N/A       9%          3
 Anguish                  Hex/Necr       30%        N/A       1%          4
 Animate Armour           Summ/Erth      100%       N/A       1%          4
 Animate Dead             Necr           83%        N/A       1%          4
 Brom's Barrelling Bould  Conj/Erth      100%       2d11      1%          4
 Dispel Undead            Necr           83%        3d27      1%          4
 Fulminant Prism          Conj/Alch      39%        3d18      1%          4
 Iskenderun's Mystic Bla  Conj/Tloc      79%        2d16      1%          4
 Manifold Assault         Tloc           73%        N/A       1%          4
 Alistair's Intoxication  Alch           46%        N/A       1%          5
 Curse of Agony           Necr           83%        N/A       1%          5
 Dimensional Bullseye     Hex/Tloc       26%        N/A       3%          4
 Sticky Flame             Fire/Alch      51%        2d9       3%          4
 Arcjolt                  Conj/Air       31%        1d41      3%          5
 Fireball                 Conj/Fire      31%        3d13      3%          5
 Orb of Destruction       Conj           43%        9d12      4%          7
 Dispersal                Tloc           36%        N/A       5%          6
 Summon Forest            Summ/Tloc      28%        N/A       6%          5
 Conjure Ball Lightning   Conj/Air       31%        3x3d10    19%         6
 Lehudib's Crystal Spear  Conj/Erth      55%        10d13     21%         8
 Airstrike                Air            10%        2d(2-18)  28%         4
 Sculpt Simulacrum        Ice/Alch       25%        N/A       50%         6
 Infestation              Necr           41%        N/A       52%         8
 Metabolic Englaciation   Hex/Ice        10%        N/A       61%         5
 Silence                  Hex/Air        10%        N/A       61%         5
 Haunt                    Necr/Summ      31%        N/A       65%         7
 Malign Gateway           Summ/Tloc      28%        N/A       87%         7
 Disjunction              Tloc           36%        N/A       92%         8
 Plasma Beam              Fire/Air       10%        2x1d21    99%         6
 Ozocubu's Refrigeration  Ice            10%        4d9       100%        7
 Summon Hydra             Summ           16%        N/A       100%        7
 Discord                  Hex            10%        N/A       100%        8
 Ignition                 Fire           10%        3d5       100%        8
 Polar Vortex             Ice            10%        12d1*     100%        9
 Sublimation of Blood     Necr           Unusable   N/A       N/A         2
 Cigotuvi's Dreadful Rot  Necr/Alch/Air  Unusable   N/A       N/A         2

Dungeon Overview and Level Annotations

Branches:
Dungeon (15/15)            Temple (1/1) D:6            Lair (5/5) D:9
 Shoals (4/4) Lair:2       Spider (4/4) Lair:3        Slime (0/5) Lair:4
    Orc (2/2) D:12            Elf (3/3) Orc:2        Vaults (5/5) D:13
  Crypt (0/3) Vaults:2     Depths (4/4) D:15            Zot (5/5) Depths:4
Volcano (visited)         Desolation (visited)      Gauntlet (visited)

Altars:
Ashenzari
Cheibriados
Dithmenos
Elyvilon
Fedhas
Gozag
Hepliaklqana
Kikubaaqudgha
Makhleb
Nemelex Xobeh
Okawaru
Qazlal
Ru
Sif Muna
Trog
Uskayaw
Vehumet
Wu Jian
Xom
Yredelemnul
Zin
The Shining One
Jiyva
Lugonu

Shops:
D:11 ?:!?[   D:14 *   Orc:2 (?=   Elf:2 ?[(   Elf:3 [   Shoals:1 [   Vaults:1 =
Vaults:2 (   Vaults:4 !   Depths:1 *

Portals:
Hell: Depths:1
Abyss: Depths:2
Pandemonium: Orc:2
Ziggurat: Depths:1

Annotations:
D:11 exclusion: downstairs
Shoals:3 exclusions: merfolk and merfolk impaler
Spider:1 exclusion: downstairs
Spider:3 exclusion: downstairs
Elf:2 3 runed translucent doors
Vaults:3 2 transporters
Depths:4 Vv


Innate Abilities, Weirdness & Mutations

You are immune to sickness and miasma.
Your stone body is resilient. (AC +19)
You are immune to poison.
Your large and strong wings let you fly.
You resist negative energy. (rN+)
You are resistant to electric shocks. (rElec)
You are resistant to unholy torment.
You are immune to petrification.
You are partially covered in iridescent scales. (AC +2)
You occasionally shout uncontrollably at your foes.
You occasionally lose the ability to read scrolls when taking damage.


Message History

Casting: Irradiate (mildly dangerous; 1% risk of failure)
Confirm with . or Enter, or press ? or * to list all spells.
You erupt in a fountain of uncontrolled magic!
The hell hound is blasted with magical radiation!!!
You kill the hell hound!
Lugonu accepts your kill.
The hell hound is blasted with magical radiation!!!
You kill the hell hound!
Lugonu accepts your kill.
The hell hound is blasted with magical radiation!!
The hell hound is severely wounded.
You are very lightly contaminated with residual magic.
Unknown command.
You feel a surge of power!
The iron shot hits the hell hound!!!
You kill the hell hound!
Lugonu accepts your kill.
What level of the Dungeon? (default 1, ? - help) Magic restored.
Your magical contamination has completely faded away.
A reaper comes into view. It is wielding a +0 scythe.
You feel a surge of power!
The iron shot hits the reaper!!!
The reaper is heavily wounded.
You feel a surge of power!
The iron shot hits the reaper!!!
You kill the reaper!
Lugonu accepts your kill.
What level of the Dungeon? (default 1, ? - help)
You yell at the large abomination!
A Gunodeff, a small abomination and a large abomination come into view.
There is a stone staircase leading up here.
You fly upwards.
There is a stone staircase leading down here.
Aiming: Dig
Press: ? - help, Shift-Dir - straight line You can't see that place. [a staircase leading out of the dungeon.]
The rock shatters into small pieces.
The now-empty wand crumbles to dust.
Blink to where?
Press: ? - help, Dir - move target
As you read the scroll of blinking, it crumbles to dust.
You have escaped!

.#'#########.#####.######)#
.#.#......................#
.#.#.#######.#....#########
.#.#.# #...#.#..#
##.#.#####.###.#####
.(................§#
##.#.......######..#
#..#####+#######..#
#..............@#.#
##.##.......###.##.#
.#.###..♣..## #. #.# .#.#
##...## ## #.# .#.# ##.##
#.# .#.####### #.# ......#
#.# ..#...# #.# ......# #.#


There were no monsters in sight!

Vanquished Creatures
  A dread lich (Vaults:5)
  An orb of fire (Zot:5)
  3 ancient liches
  A curse toe (Zot:3)
  4 golden dragons
  Jory (Vaults:5)
  Nikola (Elf:3)
  2 bone dragons (Depths:4)
  An electric golem (Zot:2)
  A Brimstone Fiend (Depths:1)
  Mlioglotl (Spider:2)
  The ghost of Couxach the Eclecticist, an adept DjFE of Makhleb (Elf:2)
  10 tentacled monstrosities
  13 Orb Guardians
  An Ice Fiend (Zot:2)
  3 liches
  5 quicksilver dragons
  A deep elf blademaster (Elf:3)
  4 sphinxes
  2 deep elf master archers (Elf:3)
  Polyphemus (Shoals:3)
  3 death cobs
  4 storm dragons (Vaults:5)
  Aizul (Spider:2)
  5 shadow dragons
  5 tengu reavers
  Roxanne (Spider:2)
  A revenant (Vaults:2)
  3 draconian monks
  2 draconian shifters
  Ilsuiw (Shoals:3)
  7 deep elf sorcerers
  2 draconian knights
  12 vault wardens
  5 frost giants
  An iron dragon (Vaults:5)
  3 fire giants
  A draconian scorcher (Depths:4)
  6 emperor scorpions
  2 orc warlords
  A balrug (D:12)
  5 ghost moths
  23 ironbound preservers
  4 deep elf elementalists (Elf:3)
  2 draconian annihilators
  A reaper (D:2)
  2 formless jellyfish
  4 very ugly things
  A demonspawn blood saint (D:12)
  2 broodmothers
  4 ironbound thunderhulks
  8 stone giants
  7 deep elf annihilators
  5 black draconians
  3 yellow draconians
  3 deep elf death magi
  3 green draconians
  4 purple draconians
  Azrael (D:12)
  7 spark wasps
  5 dire elephants
  6 white draconians
  5 war gargoyles
  A halazid warlock (Desolation)
  5 red draconians
  A minotaur (Gauntlet)
  9 merfolk impalers
  8 crystal guardians
  6 deep elf high priests
  6 entropy weavers
  3 fire dragons
  7 ettins
  Josephine (D:10)
  2 great orbs of eyes
  10 yaktaur captains
  5 merfolk javelineers
  2 rakshasas (Depths:3)
  6 servants of whispers
  5 ragged hierophants
  31 vault guards
  3 catoblepae
  4 ice dragons
  4 radroaches
  3 spriggan air magi (Depths:3)
  3 centaur warriors
  8 ironbound frosthearts
  2 demonspawn (Orc:2)
  5 hydras
  A jorogumo (Spider:2)
  2 alligator snapping turtles
  5 peacekeepers
  3 two-headed ogres
  2 death knights
  2 ogre magi
  8 boulder beetles
  5 merfolk avatars
  A death scarab (Gauntlet)
  4 deep troll shamans
  A vampire mage (Depths:1)
  2 satyrs
  8 merfolk aquamancers
  14 dancing weapons
  7 death yaks
  An occultist (Depths:1)
  A sphinx skeleton (Vaults:4)
  Sonja (Lair:4)
  3 deep troll earth magi
  8 orc high priests
  Urug (Orc:2)
  3 demonic crawlers
  A titan zombie (Vaults:4)
  9 hell knights
  A sun demon (Abyss:2)
  A spectral death yak (Gauntlet)
  8 skysharks
  A skyshark (shapeshifter) (D:14)
  19 deep elf knights
  2 spriggan berserkers (Depths:4)
  A fire crab (Volcano)
  An iron troll (Depths:4)
  8 pharaoh ants
  5 sun moths
  Lodul (D:12)
  A storm dragon skeleton (Vaults:4)
  4 arcanists
  15 orb spiders
  11 deep elf archers
  25 ironbound convokers
  8 sea snakes
  59 deep trolls
  An obsidian statue (Elf:2)
  4 necromancers
  11 orc knights
  17 deep elf zephyrmancers
  A steelbarb worm (Spider:1)
  3 phantasmal warriors
  5 harpies
  3 lindwurms (Lair:5)
  21 deep elf pyromancers
  8 fauns
  6 orc sorcerers
  8 cyclopes
  24 wolf spiders
  32 ugly things
  A worldbinder (Abyss:2)
  13 manticores
  Maurice (D:9)
  2 large abominations (Abyss:2)
  15 moths of wrath
  A fire giant zombie (Depths:1)
  5 torpor snails
  4 guardian serpents
  A titan simulacrum (Depths:1)
  22 vault sentinels
  9 meliai
  Joseph (D:7)
  4 water nymphs
  11 elephants
  9 black mambas
  13 merfolk sirens
  An apocalypse crab (Gauntlet)
  A smoke demon (Abyss:2)
  2 unseen horrors
  14 cane toads
  2 gargoyles
  Maggie (D:8)
  A yaktaur zombie (Vaults:4)
  A kobold demonologist (Abyss:2)
  3 tengu conjurers
  An ice devil (Orc:2)
  37 yaktaurs
  4 rime drakes
  2 freezing wraiths
  2 ancient zymes (Abyss:2)
  8 komodo dragons
  3 red devils (Orc:1)
  A shadow dragon simulacrum (Vaults:4)
  A polar bear (Lair:1)
  32 merfolk
  10 wind drakes
  5 trolls
  A queen bee (D:13)
  2 hellwings
  55 saltlings
  5 hornets (Spider:4)
  27 tarantellas
  17 blink frogs
  18 dream sheep
  10 snapping turtles
  Grinder (D:4)
  A dream sheep (shapeshifter) (Vaults:5)
  26 culicivoras
  3 air elementals
  A centaur simulacrum (Gauntlet)
  29 jumping spiders
  36 slime creatures
  A shadow (D:13)
  2 ynoxinuls (Abyss:2)
  53 yaks
  2 vampires (D:12)
  A deep troll skeleton (Vaults:4)
  10 wraiths
  6 wyverns
  14 water elementals
  8 basilisks
  7 fire bats (Volcano)
  6 golden eyes (D:11)
  A neqoxec (Abyss:2)
  2 wargs
  4 steam dragons
  4 chaos spawn
  9 fire elementals
  59 redbacks
  14 vampire mosquitoes
  A spriggan simulacrum (Depths:1)
  A harpy simulacrum (Gauntlet)
  Edmund (D:5)
  An acid dragon (shapeshifter) (Elf:1)
  Duvessa (D:4)
  14 water moccasins
  9 hell hounds
  4 acid dragons
  30 orc warriors
  2 glowing shapeshifter skeletons
  An ice beast (D:6)
  A sky beast (D:8)
  4 black bears
  13 ogres
  2 laughing skulls (D:14)
  9 wolves
  2 phantoms
  8 centaurs
  A kobold brigand (D:6)
  2 scorpions
  13 bullfrogs
  2 earth elementals
  9 wights (D:7)
  Dowan (D:4)
  25 killer bees
  10 electric eels
  2 bombardier beetles
  A lava snake (D:11)
  8 howler monkeys
  21 orc priests
  12 jellies
  3 gnoll boudas
  5 hounds
  3 iguanas
  A sleepcap (D:6)
  18 orc wizards
  A boggart simulacrum (Gauntlet)
  10 adders
  12 gnolls
  2 white imps
  2 ufetubi (D:6)
  5 ribbon worms
  2 dart slugs
  75 orcs
  2 bats (D:1)
  3 endoplasms
  3 giant cockroaches
  5 goblins
  5 hobgoblins
  6 kobolds
  4 quokkas
  8 ball pythons
  6 frilled lizards (D:1)
  7 rats
  5 ballistomycete spores
1860 creatures vanquished.

Vanquished Creatures (collateral kills)
  A Killer Klown (Zot:5)
  2 golden dragons
  3 Orb Guardians (Zot:5)
  A quicksilver dragon (Zot:4)
  A sphinx (Vaults:5)
  A titan (Vaults:5)
  A death cob (Zot:5)
  A tengu reaver (Vaults:5)
  5 storm dragons
  A frost giant (Depths:2)
  A ghost moth (Zot:4)
  A draconian scorcher (Zot:1)
  An imperial myrmidon (Desolation)
  An ironbound preserver (Vaults:4)
  3 vault wardens
  A formless jellyfish (Vaults:1)
  A draconian annihilator (Zot:5)
  A halazid warlock (Desolation)
  2 black draconians (Zot:1)
  A yellow draconian (Zot:1)
  2 white draconians (Zot:1)
  A red draconian (Zot:5)
  2 jiangshi (Depths:1)
  A merfolk impaler (Shoals:4)
  2 yaktaur captains (Vaults:1)
  A servant of whispers (Desolation)
  3 vault guards (Vaults:5)
  A peacekeeper (Vaults:4)
  An ironbound frostheart (Vaults:1)
  An occultist (Depths:2)
  8 deep trolls
  An iron troll (Depths:2)
  2 arcanists
  A deep elf archer (Vaults:5)
  A deep elf pyromancer (Vaults:5)
  An orc knight (Vaults:3)
  4 moths of wrath
  2 ironbound convokers
  2 necromancers
  2 ugly things
  2 meliai (D:13)
  4 vault sentinels
  9 yaktaurs
  A freezing wraith (Vaults:5)
  2 saltlings (Desolation)
  8 slime creatures
  3 killer bees (D:13)
  A gnoll (D:9)
  226 ballistomycete spores
  14 boulders
339 creatures vanquished.

Vanquished Creatures (others)
  A fire giant (Vaults:5)
  A deep elf knight (Elf:2)
  A pharaoh ant (Spider:4)
  An oklob plant (Lair:5)
  A meliai (D:13)
  A sleepcap (D:7)
  15 ballistomycete spores
  23 boulders
44 creatures vanquished.

Grand Total: 2243 creatures vanquished

Notes
Turn   | Place    | Note
-------+----------+-------------------------------------------
     0 | D:1      | Monkooky the Gargoyle Earth Elementalist began the quest
                  | for the Orb.
     0 | D:1      | Reached XP level 1. HP: 10/10 MP: 3/3
   255 | D:1      | Reached XP level 2. HP: 15/15 MP: 1/5
  1018 | D:2      | Reached XP level 3. HP: 19/19 MP: 0/6
  1622 | D:2      | Learned a level 3 spell: Stone Arrow
  1885 | D:3      | Reached XP level 4. HP: 15/24 MP: 0/8
  2361 | D:3      | Reached XP level 5. HP: 28/28 MP: 4/9
  2740 | D:4      | Learned a level 4 spell: Brom's Barrelling Boulder
  2915 | D:4      | Noticed Grinder
  3037 | D:4      | Paralysed by Grinder for 5 turns
  3057 | D:4      | Killed Grinder
  3058 | D:4      | Reached skill level 5 in Earth Magic
  3058 | D:4      | Reached XP level 6. HP: 32/32 MP: 0/10
  3312 | D:4      | Reached XP level 7. HP: 18/36 MP: 0/11
  3517 | D:4      | Noticed Duvessa
  3517 | D:4      | Noticed Dowan
  3521 | D:4      | Killed Duvessa
  3522 | D:4      | Reached skill level 5 in Conjurations
  3526 | D:4      | Killed Dowan
  3823 | D:5      | Entered Level 5 of the Dungeon
  4204 | D:5      | Reached XP level 8. HP: 41/41 MP: 2/12
  4529 | D:5      | Noticed Edmund
  4562 | D:5      | Killed Edmund
  5175 | D:6      | Found a staircase to the Ecumenical Temple.
  5181 | Temple   | Entered the Ecumenical Temple
  5186 | Temple   | Learned a level 3 spell: Passwall
  5198 | Temple   | Became a worshipper of Fedhas Madash
  5375 | D:6      | You are sucked into a shaft and drop 3 floors!
  5500 | D:9      | Noticed a wyvern
  5530 | D:9      | Reached skill level 1 in Fighting
  5725 | D:9      | Found a broken altar of Ashenzari.
  5764 | D:9      | Killed a wyvern
  5765 | D:9      | Reached XP level 9. HP: 48/48 MP: 1/13
  5770 | D:9      | Reached skill level 5 in Evocations
  6036 | D:8      | Noticed Maggie
  6275 | D:8      | Killed Maggie
  6401 | D:8      | Reached * piety under Fedhas
  7088 | D:7      | Reached skill level 1 in Armour
  7479 | D:6      | Reached ** piety under Fedhas
  7548 | D:6      | Reached skill level 1 in Invocations
  7548 | D:6      | Reached XP level 10. HP: 56/56 MP: 7/14
  7904 | D:7      | Reached skill level 2 in Invocations
  8450 | D:7      | Reached skill level 5 in Fighting
  8543 | D:7      | Noticed Joseph
  8549 | D:7      | Killed Joseph
  9344 | D:8      | Found a radiant altar of Vehumet.
  9524 | D:8      | Reached skill level 3 in Invocations
  9830 | D:9      | Found a staircase to the Lair.
  9859 | D:9      | Noticed a death yak
  9890 | D:9      | Found a sparkling altar of Nemelex Xobeh.
  9948 | D:9      | Reached *** piety under Fedhas
 10050 | D:9      | Noticed Maurice
 10105 | D:9      | Something stole a ring of protection from cold
 10106 | D:9      | Something stole a +2 long sword of draining
 10108 | D:9      | Something stole 12 poisoned darts
 10109 | D:9      | Something stole 433 gold
 10110 | D:9      | Something stole 13 gold
 10111 | D:9      | Killed Maurice
 10239 | D:9      | Killed a death yak
 10240 | D:9      | Reached skill level 10 in Earth Magic
 10240 | D:9      | Reached XP level 11. HP: 67/67 MP: 2/15
 10710 | D:10     | Entered Level 10 of the Dungeon
 10830 | D:10     | Noticed Josephine
 10838 | D:10     | Reached skill level 4 in Invocations
 10851 | D:10     | Killed Josephine
 10852 | D:10     | Reached skill level 5 in Invocations
 10879 | D:10     | Reached skill level 6 in Invocations
 11132 | D:10     | Learned a level 5 spell: Irradiate
 11447 | D:10     | Found a portal to a secret trove of treasure.
 11461 | D:10     | Reached skill level 7 in Invocations
 11526 | Trove    | Entered a treasure trove
 11561 | Trove    | Identified the amulet "Lil Dyoni" {RegenMP Dex+4}
 11591 | Trove    | Identified the +1 plate armour of Hadjma {Harm Will+ Str+2}
 11713 | D:10     | Reached skill level 1 in Shields
 11960 | D:11     | Found Alocsaer's Magic Scroll Shop.
 11993 | D:11     | Bought a scroll of silence for 123 gold pieces
 11993 | D:11     | Bought a scroll of enchant armour for 97 gold pieces
 11993 | D:11     | Bought a scroll of fear for 52 gold pieces
 12052 | D:11     | Found Veik's Distillery.
 12057 | D:11     | Noticed a two-headed ogre
 12077 | D:11     | Found Godwusche's Book Shop.
 12218 | D:11     | Found Biory's Magic Scroll Shop.
 12222 | D:11     | Bought a scroll of poison for 48 gold pieces
 12250 | D:11     | Noticed a two-headed ogre
 12258 | D:11     | Killed a two-headed ogre
 12354 | D:11     | Noticed a manticore
 12355 | D:11     | Killed a manticore
 12361 | D:11     | Killed a two-headed ogre
 12362 | D:11     | Reached XP level 12. HP: 75/75 MP: 5/17
 12416 | D:11     | Found Ciagiwn's Armour Emporium.
 12600 | D:11     | Upgraded the game from 0.31-a0-1616-gbeaec30b81 to
                  | 0.31-a0-1620-gcbf77bbcfc
 12661 | D:11     | Reached skill level 5 in Armour
 12806 | D:11     | Bought a potion of curing for 33 gold pieces
 12806 | D:11     | Bought a potion of resistance for 110 gold pieces
 12806 | D:11     | Bought a potion of might for 44 gold pieces
 12806 | D:11     | Bought a potion of brilliance for 44 gold pieces
 12901 | Lair:1   | Entered Level 1 of the Lair of Beasts
 13057 | Lair:1   | Reached skill level 5 in Shields
 13120 | Lair:1   | Reached skill level 5 in Spellcasting
 13120 | Lair:1   | Reached XP level 13. HP: 80/80 MP: 17/21
 13634 | Lair:1   | Reached skill level 10 in Conjurations
 13720 | Lair:1   | Reached skill level 5 in Alchemy
 14230 | Lair:2   | Identified the +0 leather armour of Yjag {Will+}
 14845 | Lair:2   | Found a staircase to the Shoals.
 15154 | Lair:3   | Found a glowing golden altar of the Shining One.
 15162 | Lair:3   | Found a hole to the Spider Nest.
 15670 | Lair:3   | Gained mutation: Your large and strong wings let you fly.
                  | [Gargoyle growth]
 15670 | Lair:3   | Reached XP level 14. HP: 82/86 MP: 9/22
 15720 | Lair:3   | Identified a scroll of acquirement
 16320 | Lair:4   | Found a viscous altar of Jiyva.
 16355 | Lair:4   | Found a staircase to the Slime Pits.
 16448 | Lair:4   | Reached **** piety under Fedhas
 17133 | Lair:4   | Noticed Sonja
 17146 | Lair:4   | Killed Sonja
 17513 | Lair:5   | Entered Level 5 of the Lair of Beasts
 18001 | Lair:5   | Reached ***** piety under Fedhas
 18193 | Lair:5   | Reached skill level 10 in Alchemy
 19027 | Lair:5   | Noticed a dire elephant
 19082 | Lair:5   | Killed a dire elephant
 19205 | Lair:5   | Reached XP level 15. HP: 86/90 MP: 25/25
 19834 | D:12     | Found a staircase to the Orcish Mines.
 19870 | D:12     | Noticed Lodul
 19887 | D:12     | Killed Lodul
 19929 | D:12     | Found a gate leading to a gauntlet.
 19940 | Gauntlet | Entered a Gauntlet
 19940 | Gauntlet | Found a transporter.
 19940 | Gauntlet | Found a transporter.
 19940 | Gauntlet | Found a transporter.
 19952 | Gauntlet | Found a transporter.
 19952 | Gauntlet | Found a transporter.
 19952 | Gauntlet | Found a transporter.
 19962 | Gauntlet | Found a transporter.
 19966 | Gauntlet | Found a transporter.
 19968 | Gauntlet | Found a transporter.
 19976 | Gauntlet | Found a transporter.
 20082 | Gauntlet | Found a transporter.
 20094 | Gauntlet | Found a transporter.
 20312 | Gauntlet | Identified the ring of the Winnowing Pariah {Fire rElec}
 20323 | Gauntlet | Got the Cyclopedia of the Singularity and the Gathering
 20380 | Gauntlet | Got the Handbook of Energetic Despair
 20542 | D:12     | Learned a level 3 spell: Mephitic Cloud
 21163 | D:12     | Noticed Azrael
 21209 | D:12     | Killed Azrael
 21424 | D:12     | Reached ****** piety under Fedhas
 21487 | Orc:1    | Entered Level 1 of the Orcish Mines
 22152 | Orc:1    | Acquired Joaj's Cyclopedia of Virous Fire
 22159 | Orc:1    | Learned a level 4 spell: Leda's Liquefaction
 22171 | Orc:2    | Entered Level 2 of the Orcish Mines
 22220 | Orc:2    | Found a flickering gateway to a bazaar.
 22262 | Bazaar   | Entered a bazaar
 22262 | Bazaar   | Found Pasotucu's Assorted Antiques.
 22267 | Bazaar   | Found Zusaux's Assorted Antiques.
 22269 | Bazaar   | Bought a phial of floods for 1040 gold pieces
 22278 | Bazaar   | Found Goneckext's Antique Weapon Shop.
 22280 | Bazaar   | Bought a scroll labelled CEMEXAW ECVUTI for 18 gold pieces
 22280 | Bazaar   | Bought a scroll labelled CEMEXAW ECVUTI for 18 gold pieces
 22289 | Bazaar   | Found Qutosu's Weapon Shop.
 22297 | Bazaar   | Found Toplaoxu's Weapon Shoppe.
 22323 | Bazaar   | Bought a scroll of identify for 36 gold pieces
 22323 | Bazaar   | Bought a scroll of identify for 36 gold pieces
 22342 | Bazaar   | Bought a potion of heal wounds for 130 gold pieces
 22342 | Bazaar   | Bought a scroll of immolation for 104 gold pieces
 22468 | Orc:2    | Noticed Urug
 22499 | Orc:2    | Killed Urug
 22500 | Orc:2    | Reached skill level 15 in Conjurations
 22509 | Orc:2    | Learned a level 7 spell: Orb of Destruction
 22539 | Orc:2    | Found a dark tunnel.
 22544 | Volcano  | Entered a volcano
 23088 | Orc:2    | Found a staircase to the Elven Halls.
 23238 | Orc:2    | Found Aghy's Distillery.
 23355 | Orc:2    | Found Ophiroz's Magic Scroll Boutique.
 23553 | Orc:2    | Bought a scroll of vulnerability for 48 gold pieces
 24025 | Orc:2    | Reached skill level 8 in Invocations
 24268 | Orc:2    | Reached skill level 9 in Invocations
 24559 | Orc:2    | Found Piumidos's Antique Weapon Shoppe.
 24559 | Orc:2    | Found Iguleah's Jewellery Emporium.
 24609 | Orc:2    | Found a one-way gate leading to the halls of Pandemonium.
 24983 | D:13     | Found a gate to the Vaults.
 24989 | D:13     | Reached XP level 16. HP: 83/96 MP: 19/29
 24992 | D:13     | Reached skill level 10 in Invocations
 25220 | D:13     | Reached skill level 11 in Invocations
 26038 | D:14     | Found a stormy altar of Qazlal.
 26116 | D:14     | Reached skill level 12 in Invocations
 26695 | D:14     | Found a transporter.
 26699 | D:14     | Identified the ring "Joukk" {Will+ Int+6}
 26818 | D:14     | Found Yciupt's General Store.
 26840 | D:14     | Found a transporter.
 26986 | D:15     | Entered Level 15 of the Dungeon
 27193 | D:15     | Found a staircase to the Depths.
 27253 | D:15     | Reached skill level 13 in Invocations
 27911 | D:15     | Learned a level 6 spell: Bombard
 28304 | D:15     | Learned a level 4 spell: Olgreb's Toxic Radiance
 28462 | Spider:1 | Entered Level 1 of the Spider Nest
 28605 | Spider:2 | Noticed Mlioglotl
 29643 | Spider:1 | Reached skill level 15 in Earth Magic
 30138 | Spider:2 | Reached XP level 17. HP: 100/100 MP: 10/30
 30287 | Spider:2 | Killed Mlioglotl
 30527 | Spider:2 | Noticed Roxanne
 30536 | Spider:2 | Identified the serpent talisman of Sif Muna's Castigation
                  | {MP+9 Int-3 Dex+7 Slay+2}
 30536 | Spider:2 | Noticed Aizul
 30544 | Spider:2 | Killed Aizul
 31434 | Spider:2 | Killed Roxanne
 32808 | Spider:4 | Entered Level 4 of the Spider Nest
 33064 | Spider:4 | Reached skill level 10 in Fighting
 33269 | Spider:4 | Reached XP level 18. HP: 84/108 MP: 17/31
 34252 | Spider:4 | HP: 3/108 [emperor scorpion (14)]
 34546 | Spider:4 | Got a gossamer rune of Zot
 34547 | Spider:4 | Upgraded the game from 0.31-a0-1620-gcbf77bbcfc to
                  | 0.32-a0-12-g7fc57aa741
 34786 | Shoals:1 | Entered Level 1 of the Shoals
 34798 | Shoals:1 | Reached skill level 14 in Invocations
 35426 | Shoals:1 | Found Ilytz's Armour Emporium.
 36650 | Shoals:2 | Reached skill level 10 in Spellcasting
 37005 | Shoals:2 | Identified the +3 mace "Zaxkumi" {elec, Str+3}
 37219 | Shoals:2 | Found a shimmering altar of Xom.
 37722 | Shoals:3 | Noticed Ilsuiw
 38329 | Shoals:3 | Noticed Polyphemus
 38357 | Shoals:3 | Killed Polyphemus
 38450 | Shoals:3 | Learned a level 5 spell: Lee's Rapid Deconstruction
 38456 | Shoals:3 | Learned a level 4 spell: Petrify
 38704 | Shoals:3 | Killed Ilsuiw
 39178 | Shoals:4 | Entered Level 4 of the Shoals
 39192 | Shoals:4 | Reached XP level 19. HP: 73/113 MP: 11/34
 40313 | Shoals:4 | Identified the amulet of Wemant {Reflect MP+9 SH+5}
 40546 | Shoals:4 | Reached skill level 5 in Dodging
 40643 | Shoals:4 | Identified the +7 dagger "Atithruh" {flame, rElec Will++
                  | rCorr Stlth+}
 40713 | Shoals:4 | Got a barnacled rune of Zot
 41640 | Elf:1    | Entered Level 1 of the Elven Halls
 42421 | Elf:1    | Upgraded the game from 0.32-a0-12-g7fc57aa741 to
                  | 0.32-a0-17-gb74e046682
 43042 | Elf:2    | Reached skill level 1 in Necromancy
 43045 | Elf:2    | Found Xafied's Antique Weapon Boutique.
 43199 | Elf:1    | Learned a level 4 spell: Martyr's Knell
 43298 | Elf:2    | Found Dororgh's Magic Scroll Emporium.
 43315 | Elf:2    | Bought a scroll of blinking for 112 gold pieces
 43315 | Elf:2    | Bought a scroll of fog for 60 gold pieces
 43315 | Elf:2    | Bought a scroll of fear for 60 gold pieces
 43315 | Elf:2    | Bought a scroll of teleportation for 45 gold pieces
 43315 | Elf:2    | Found a runed translucent gate.
 43315 | Elf:2    | Found a runed translucent gate.
 43315 | Elf:2    | Found a runed translucent gate.
 43317 | Elf:2    | Found an opulent altar of Gozag.
 43321 | Elf:2    | Noticed Couxach's ghost (adept DjFE)
 43346 | Elf:2    | Reached skill level 1 in Summonings
 43482 | Elf:2    | Found Peun Qet's Antique Armour Shop.
 43513 | Elf:2    | Bought a translucent buckler for 418 gold pieces
 43513 | Elf:2    | Identified the +2 buckler "Gutebi" {Fly Will+ Regen+} (You
                  | bought it in a shop on level 2 of the Elven Halls)
 43664 | Elf:2    | Found a runed translucent gate.
 43665 | Elf:2    | Found a runed translucent gate.
 43665 | Elf:2    | Found a runed translucent gate.
 43779 | Elf:3    | Entered Level 3 of the Elven Halls
 43792 | Elf:3    | Reached XP level 20. HP: 113/120 MP: 17/37
 44038 | Elf:3    | Noticed Nikola
 44045 | Elf:3    | Killed Nikola
 44082 | Elf:3    | Found Iretef's Armour Boutique.
 44083 | Elf:3    | Got the Almanac of Chthonic Doom
 44480 | Elf:3    | Reached skill level 5 in Necromancy
 44710 | Elf:3    | Identified the ring of Sif Ront {EV+5 Slay+2}
 44914 | Elf:3    | Identified the ring "Pokoacvo" {rElec rCorr Str+3 Int+2}
 45049 | Elf:3    | Identified the +1 war axe of the Six Suns {flame, *Noise
                  | rN+ Str+3 Dex+2}
 45229 | Elf:3    | Got the Discourse on Congealing Misery
 45250 | Elf:3    | Learned a level 6 spell: Death Channel
 45260 | Elf:3    | Got the Directory of Frigorific Geometries
 45274 | Elf:3    | Acquired 721 gold pieces
 45344 | Elf:3    | Found the +5 robe of Night {Dark Will+ SInv}
 45372 | Elf:3    | Identified the +7 quarterstaff "Worm's Wrath" {speed, rElec
                  | rN+ Str+2}
 45390 | Elf:3    | Identified the +7 shortbow "Giodafar" {flame, rC- Str+5}
 45615 | Vaults:1 | Entered Level 1 of the Vaults
 45941 | Vaults:1 | Identified the storm talisman "Zanaamev" {rC+ rCorr}
 45987 | Vaults:1 | Found Zaikit's Jewellery Boutique.
 46137 | Vaults:1 | Reached skill level 5 in Stealth
 47012 | Vaults:1 | Reached XP level 21. HP: 127/127 MP: 21/38
 47262 | Vaults:2 | Found a crumbling gateway.
 47341 | Desolati | Entered the Desolation of Salt
 47585 | Desolati | Got the Treatise on Chilblains and the Boggart
 47873 | Desolati | Reached skill level 10 in Necromancy
 48114 | Desolati | Identified the +3 glaive of the Stopping Pariah {drain,
                  | rF++ rN++}
 48427 | Desolati | Identified the ring "Vietoe" {Fly rF+ rN+++ MP-9 Int+4
                  | Stlth-}
 48440 | Desolati | Got the Commentary on Adjuration and the Wind
 48548 | Desolati | Identified the ring "Jirufeo" {rF+ rN+ Will+ Dex+4 Stlth+}
 48560 | Desolati | Got Umoxt's Excursus on Adjuration
 49494 | Vaults:2 | Found a staircase to the Crypt.
 49623 | Vaults:2 | Found a huge runed translucent gate.
 49623 | Vaults:2 | Found a huge runed translucent gate.
 49623 | Vaults:2 | Found a huge runed translucent gate.
 49623 | Vaults:2 | Found a huge runed translucent gate.
 49623 | Vaults:2 | Found a huge runed translucent gate.
 49623 | Vaults:2 | Found a huge runed translucent gate.
 49623 | Vaults:2 | Found a huge runed translucent gate.
 49623 | Vaults:2 | Found a huge runed translucent gate.
 49623 | Vaults:2 | Found a huge runed translucent gate.
 49623 | Vaults:2 | Found a huge runed translucent gate.
 49623 | Vaults:2 | Found a huge runed translucent gate.
 49679 | Vaults:2 | Found a huge runed translucent gate.
 49679 | Vaults:2 | Found a huge runed translucent gate.
 49691 | Vaults:2 | Found Nadijoja's Antique Weapon Boutique.
 49705 | Vaults:2 | Found a huge runed translucent gate.
 49706 | Vaults:2 | Found a huge runed translucent gate.
 49709 | Vaults:2 | Found a huge runed translucent gate.
 49710 | Vaults:2 | Found a huge runed translucent gate.
 49711 | Vaults:2 | Found a huge runed translucent gate.
 49712 | Vaults:2 | Found a huge runed translucent gate.
 49713 | Vaults:2 | Found a huge runed translucent gate.
 49714 | Vaults:2 | Found a huge runed translucent gate.
 49714 | Vaults:2 | Found a huge runed translucent gate.
 49717 | Vaults:2 | Found a huge runed translucent gate.
 49718 | Vaults:2 | Found a huge runed translucent gate.
 49718 | Vaults:2 | Found a huge runed translucent gate.
 49720 | Vaults:2 | Found a huge runed translucent gate.
 49721 | Vaults:2 | Found a huge runed translucent gate.
 49722 | Vaults:2 | Found a huge runed translucent gate.
 49723 | Vaults:2 | Found a huge runed translucent gate.
 49724 | Vaults:2 | Found a huge runed translucent gate.
 49724 | Vaults:2 | Found a huge runed translucent gate.
 49727 | Vaults:2 | Found a huge runed translucent gate.
 49728 | Vaults:2 | Found a huge runed translucent gate.
 49728 | Vaults:2 | Found a huge runed translucent gate.
 49730 | Vaults:2 | Found a huge runed translucent gate.
 49731 | Vaults:2 | Found a huge runed translucent gate.
 49931 | Vaults:2 | Reached skill level 1 in Staves
 50154 | Vaults:2 | Found the +7 sceptre of Torment {pain, torment}
 50399 | Vaults:3 | Reached skill level 5 in Staves
 50750 | Vaults:3 | Reached XP level 22. HP: 138/138 MP: 7/39
 50996 | Vaults:3 | Gained mutation: You occasionally shout uncontrollably at
                  | your foes. [mutagenic glow]
 51874 | Vaults:3 | Found a transporter.
 51879 | Vaults:3 | Identified the ring "Bicaf" {rPois rF+ rN+}
 51892 | Vaults:3 | Identified the ring "Uvifuhay" {rPois rF- AC+4 Str+2 Dex+4}
 51897 | Vaults:3 | Noticed a dread lich
 51917 | Vaults:3 | Found the +2 hat of the Bear Spirit {Spirit, Bear, *Rage
                  | Will++}
 51923 | Vaults:3 | Found a transporter.
 52195 | Vaults:4 | Reached skill level 10 in Staves
 52609 | Vaults:4 | Found Wivutudgh's Distillery.
 52948 | Vaults:4 | Bought 2 potions of haste for 360 gold pieces
 53327 | Vaults:4 | Reached skill level 15 in Invocations
 54142 | Vaults:5 | Entered Level 5 of the Vaults
 54280 | Vaults:5 | Reached skill level 16 in Invocations
 54389 | Vaults:5 | Reached XP level 23. HP: 92/143 MP: 30/40
 54406 | Vaults:5 | Identified the +0 robe of Jiroguad {Regen+}
 54445 | Vaults:5 | Reached skill level 17 in Invocations
 54538 | Vaults:5 | Identified the ring "Womai" {rPois Str+6 Dex+3}
 54585 | Vaults:5 | Identified the +1 quarterstaff of the Painted God {freeze,
                  | Will+}
 55031 | Vaults:5 | Got a silver rune of Zot
 55121 | Vaults:5 | Reached skill level 18 in Invocations
 55329 | Vaults:5 | Noticed a golden dragon
 55340 | Vaults:5 | Killed a golden dragon
 55345 | Vaults:5 | Noticed Jory
 55359 | Vaults:5 | Killed Jory
 55591 | Vaults:5 | Identified the +2 kite shield "Xekeug" {Dex+3 Slay+3 SInv}
 55932 | Vaults:5 | Reached skill level 19 in Invocations
 56142 | Vaults:5 | Reached skill level 15 in Fighting
 56362 | Vaults:5 | Noticed a dread lich
 56365 | Vaults:5 | Killed a dread lich
 56608 | Vaults:5 | Noticed an ancient lich
 56611 | Vaults:5 | Killed an ancient lich
 56728 | Vaults:5 | Noticed an ancient lich
 56733 | Vaults:5 | Killed an ancient lich
 57000 | Vaults:5 | Identified the staff "Jenirhol" {*Corrode rPois rC+ Dex+2
                  | Ice Alchemy}
 57306 | Vaults:5 | Identified the ring of Hedonism {Fire Dex+2 Slay+2}
 57452 | Depths:1 | Entered Level 1 of the Depths
 57457 | Depths:1 | Found a one-way gateway to a ziggurat.
 57600 | Depths:1 | Found a blossoming altar of Fedhas.
 57881 | Depths:1 | Reached XP level 24. HP: 110/156 MP: 18/40
 57903 | Depths:1 | Found a gateway to Hell.
 58167 | Depths:1 | Found Rigeket's Mayhem Merchandise.
 58687 | D:11     | Bought a scroll of revelation for 97 gold pieces
 58687 | D:11     | Bought a scroll of revelation for 97 gold pieces
 58687 | D:11     | Bought a scroll of immolation for 52 gold pieces
 58687 | D:11     | Bought a scroll of fog for 52 gold pieces
 58687 | D:11     | Bought a scroll of butterflies for 52 gold pieces
 58721 | D:11     | Bought a scroll of immolation for 48 gold pieces
 58721 | D:11     | Bought a scroll of fear for 48 gold pieces
 58721 | D:11     | Bought 2 scrolls of poison for 96 gold pieces
 58721 | D:11     | Bought a scroll of fear for 48 gold pieces
 58798 | Orc:2    | Bought a scroll of amnesia for 48 gold pieces
 58798 | Orc:2    | Bought a scroll of fear for 48 gold pieces
 58798 | Orc:2    | Bought a scroll of immolation for 48 gold pieces
 58798 | Orc:2    | Bought a scroll of torment for 114 gold pieces
 58800 | Orc:2    | Bought a potion of mutation for 112 gold pieces
 58800 | Orc:2    | Bought a potion of magic for 112 gold pieces
 58800 | Orc:2    | Bought 2 potions of heal wounds for 140 gold pieces
 58800 | Orc:2    | Bought 2 potions of curing for 84 gold pieces
 58800 | Orc:2    | Bought a potion of might for 56 gold pieces
 58800 | Orc:2    | Bought a potion of might for 56 gold pieces
 58800 | Orc:2    | Bought 2 potions of curing for 84 gold pieces
 58800 | Orc:2    | Bought a potion of mutation for 112 gold pieces
 58890 | Elf:2    | Bought a scroll of immolation for 60 gold pieces
 58890 | Elf:2    | Bought a scroll of torment for 142 gold pieces
 58890 | Elf:2    | Bought a scroll of immolation for 60 gold pieces
 58908 | Elf:2    | Killed Couxach's ghost
 59258 | Vaults:4 | Bought a potion of curing for 54 gold pieces
 59258 | Vaults:4 | Bought a potion of enlightenment for 90 gold pieces
 59258 | Vaults:4 | Bought a potion of curing for 54 gold pieces
 59258 | Vaults:4 | Bought a potion of might for 72 gold pieces
 59258 | Vaults:4 | Bought a potion of enlightenment for 90 gold pieces
 59398 | D:14     | Bought a potion of curing for 48 gold pieces
 59521 | Depths:2 | Found a corrupted altar of Lugonu.
 59521 | Depths:2 | Found a one-way gate to the infinite horrors of the Abyss.
 59697 | Depths:3 | Noticed a juggernaut
 59835 | Depths:4 | Entered Level 4 of the Depths
 60612 | Depths:4 | Found a gate to the Realm of Zot.
 60618 | Depths:4 | Got a midnight gem with 759 turns to spare
 60620 | Zot:1    | Entered Level 1 of the Realm of Zot
 60710 | Zot:1    | Gained mutation: Your magical capacity is low. (-10% MP)
                  | [mutagenic glow]
 60979 | Zot:3    | Noticed a curse toe
 60983 | Zot:3    | Killed a curse toe
 61264 | Zot:3    | Learned a level 1 spell: Apportation
 61267 | Zot:3    | Learned a level 2 spell: Blink
 61276 | Zot:4    | Noticed an orb of fire
 61282 | Zot:3    | Reached skill level 1 in Translocations
 61336 | Zot:3    | Lost mutation: You occasionally shout uncontrollably at
                  | your foes. [potion of mutation]
 61336 | Zot:3    | Lost mutation: Your magical capacity is low. (-10% MP)
                  | [potion of mutation]
 61336 | Zot:3    | Gained mutation: Your muscles are strong. (Str +4, Int/Dex
                  | -1) [potion of mutation]
 61336 | Zot:3    | Gained mutation: You have a pair of small horns on your
                  | head. [potion of mutation]
 61336 | Zot:3    | Lost mutation: Your muscles are strong. (Str +4, Int/Dex
                  | -1) [potion of mutation]
 61336 | Zot:3    | Gained mutation: You expend magic power (3 MP) to
                  | strengthen your wands. [potion of mutation]
 61337 | Zot:3    | Lost mutation: You have a pair of small horns on your head.
                  | [potion of mutation]
 61337 | Zot:3    | Lost mutation: You expend magic power (3 MP) to strengthen
                  | your wands. [potion of mutation]
 61337 | Zot:3    | Gained mutation: You are dopey. (Int -2) [potion of
                  | mutation]
 61337 | Zot:3    | Gained mutation: Your natural rate of healing is unusually
                  | fast. [potion of mutation]
 61337 | Zot:3    | Gained mutation: Armour fits poorly on your strangely
                  | shaped body. [potion of mutation]
 61338 | Zot:3    | Lost mutation: Armour fits poorly on your strangely shaped
                  | body. [potion of mutation]
 61338 | Zot:3    | Lost mutation: Your natural rate of healing is unusually
                  | fast. [potion of mutation]
 61338 | Zot:3    | Lost mutation: You are dopey. (Int -2) [potion of mutation]
 61338 | Zot:3    | Gained mutation: You passively map a small area around you.
                  | [potion of mutation]
 61338 | Zot:3    | Lost mutation: You passively map a small area around you.
                  | [potion of mutation]
 61338 | Zot:3    | Gained mutation: You are frail. (-10% HP) [potion of
                  | mutation]
 61339 | Zot:3    | Lost mutation: You are frail. (-10% HP) [potion of
                  | mutation]
 61339 | Zot:3    | Gained mutation: You are weak. (Str -2) [potion of
                  | mutation]
 61339 | Zot:3    | Gained mutation: You are partially covered in iridescent
                  | scales. (AC +2) [potion of mutation]
 61339 | Zot:3    | Lost mutation: You are weak. (Str -2) [potion of mutation]
 61576 | Zot:5    | Entered Level 5 of the Realm of Zot
 61641 | Zot:5    | Reached XP level 25. HP: 155/162 MP: 18/40
 61736 | Zot:5    | Reached skill level 5 in Translocations
 61858 | Zot:5    | Noticed an ancient lich
 61864 | Zot:5    | Killed an ancient lich
 62134 | Zot:5    | Noticed a Killer Klown
 62141 | Zot:5    | Killed a Killer Klown
 62234 | Zot:5    | Noticed an orb of fire
 62240 | Zot:5    | Gained mutation: You occasionally shout uncontrollably at
                  | your foes. [an orb of fire]
 62241 | Zot:5    | Killed an orb of fire
 62567 | Zot:5    | Noticed a Killer Klown
 62570 | Zot:5    | Noticed a Killer Klown
 62571 | Zot:5    | Noticed a Killer Klown
 62579 | Zot:5    | Got the Orb of Zot
 62580 | Zot:5    | Noticed a Killer Klown
 62580 | Abyss:2  | Cast into level 2 of the Abyss (black draconian)
 62589 | Abyss:2  | Found a corrupted altar of Lugonu.
 62613 | Abyss:2  | Found a corrupted altar of Lugonu.
 62617 | Abyss:2  | Found a corrupted altar of Lugonu.
 62641 | Abyss:2  | Gained mutation: You occasionally lose the ability to read
                  | scrolls when taking damage. [mutagenic glow]
 62642 | Abyss:2  | Reached skill level 10 in Translocations
 62654 | Abyss:2  | Fell from the grace of Fedhas
 62654 | Abyss:2  | Became a worshipper of Lugonu the Unformed
 62654 | Abyss:2  | Reached * piety under Lugonu
 62654 | Abyss:2  | Reached ** piety under Lugonu
 62655 | Zot:5    | Escaped the Abyss
 62656 | Zot:5    | Noticed an orb of fire
 62656 | Zot:5    | Noticed an orb of fire
 62656 | Zot:5    | Noticed a Killer Klown
 62656 | Zot:5    | Noticed a Killer Klown
 62801 | Zot:2    | Noticed Xallah Myimp the pandemonium lord
 62838 | Depths:4 | Noticed Vv
 63297 | D:2      | Noticed Gunodeff the pandemonium lord
 63302 | D:$      | Escaped with the Orb!

Illustrated notes

Levels and vault maps discovered:
D:1:      amcnicky_arrival_feature_with_door, layout_basic
D:2:      layout_loops_cross
D:3:      layout_basic
D:4:      minmay_recursive_quarters, layout_basic, uniq_duvessa, uniq_grinder
D:5:      layout_gridville, uniq_edmund
D:6:      minmay_evil_eye, layout_basic, minmay_temple_entry_tees
D:7:      layout_basic, uniq_joseph
D:8:      layout_basic, mainiacjoe_overflow_tiny_flanked,
          minmay_misc_feat_ornament, moated_statue, uniq_maggie
D:9:      layout_basic, ashenzari_conservatory_becter,
          mainiacjoe_overflow_catwalk, david_lair_generic, uniq_maurice
D:10:     nicolae_moon_pools, layout_rooms, enter_trove_1, uniq_josephine
D:11:     layout_gridville, serial_shops, shop,
          nicolae_shop_pleasant_corner_grove, nicolae_stop_n_shop_1, shop,
          nicolae_inconvenience_store
D:12:     layout_long_grid, david_orc_2, gauntlet_entry_generic, uniq_azrael,
          uniq_lodul
D:13:     layout_roguey [special_room_bee], lightli_vaults_fourway_checkpoint,
          minmay_misc_feat_roman
D:14:     layout_irregular_city, serial_shops, nicolae_shop_drivethru,
          nicolae_qazlal_scattered_showers
D:15:     grunt_enter_depths_hoard, layout_loops_cross, serial_bayou_shore_b
Temple:   compressed_dpeg_triangle_lava_temple
Lair:1:   layout_regular_city, chequers_serial_rivers_small_b
Lair:2:   layout_small_grid, minmay_shoals_entry_hut, special_room
Lair:3:   layout_cave_pods, spider_nest_entry_rubble, basic_altar,
          nicolae_quartered_pool_little, minivault_23, serial_bayou_lagoon_a
Lair:4:   layout_hall_layers, minmay_slime_entry_jelly_boxes,
          pdpol_lair_neglected_garden, uniq_sonja
Lair:5:   hangedman_lair_in_review, layout_cave_pods,
          nicolae_lair_grazing_beasts [nicolae_sub_lair_graze_edge,
          nicolae_sub_lair_graze_edge, nicolae_sub_lair_graze_edge,
          nicolae_sub_lair_graze_edge]
Shoals:1: layout_shoals, serial_shops, shop
Shoals:2: layout_shoals, lemuel_centaur_altar, nicolae_shoals_former_cling_halls
Shoals:3: layout_shoals, nicolae_shoals_gull_way, uniq_ilsuiw, uniq_polyphemus
Shoals:4: shoals_end_simple, layout_shoals
Spider:1: layout_cave_pods, hellmonk_test_site
Spider:2: layout_spider_delve, drop_trap, guppyfry_spider_mini_2, uniq_roxanne,
          uniq_aizul, uniq_mlioglotl
Spider:3: layout_spider_delve
Spider:4: spider_rune_water, nicolae_orb_island
Orc:1:    layout_caves, library_closet, einodemon_armed_red_devil_minivault
Orc:2:    pf_orc_diabolical, layout_caves, serial_shops, bzr_entry_gold,
          enter_volcano_4, uniq_urug
Elf:1:    nicolae_elf_arrival_fired_up, layout_rooms, nicolae_elf_crossing_hall
Elf:2:    elven_hall_of_blades_hangedman_original [nicolae_blade_tridents],
          layout_geoelf_diagonals, ebering_ghost_gozag, serial_shops,
          nicolae_shop_stone, shop, nicolae_shop_advertising_works
          [nicolae_subvault_shop_adworks]
Elf:3:    minmay_elf_hall_dome, layout_loops_corners, serial_shops, shop,
          serial_sigils_hangedman_clutch, uniq_nikola
Vaults:1: v_misc_23, nicolae_vaults_circle_grid_a,
          nicolae_vaults_know_your_exits, hangedman_vaults_restitches,
          ontoclasm_vaults_chip, v_alt_pattern_2,
          nicolae_vaults_storage_closets_2, nicolae_vaults_storage_closets_1,
          v_misc_26, vaults_room_stairs_pillars,
          nicolae_vaults_little_squares_2, ontoclasm_vaults_loading_screen,
          nicolae_vaults_ring_of_whatevers, vaults_dpeg_diagonal,
          ontoclasm_vaults_gateway, layout_vaults_omnibox, serial_shops,
          nicolae_shop_temple_entry_statues_fountains
Vaults:2: portal_desolation_entry_salt, vaults_mumra_chevron_long, door_vault,
          minmay_crypt_entry_simple_sparse, ontoclasm_vaults_misaligned,
          vaults_room_ringed_pool, nicolae_vaults_offset_grid_hallway_3,
          hangedman_vaults_slice, nicolae_vaults_mini_display_case,
          hangedman_vaults_corner_blocks, v_misc_27,
          hangedman_vaults_restitches, nicolae_vaults_rhombus_7,
          v_alt_pattern_6, nicolae_vaults_border_crossing,
          nicolae_vaults_tetromino_L_1, nicolae_vaults_tetromino_Z_1,
          layout_vaults_ring, serial_shops, nicolae_shop_pleasant_corner_grove
Vaults:3: nicolae_vaults_more_shelving_1, v_misc_3, nicolae_vaults_what_the_h,
          nicolae_vaults_closet_pinwheel_4, hangedman_vaults_slither,
          vaults_mumra_hexcomb, gammafunk_sealed_arena, vaults_room_grid,
          hangedman_vaults_impose, ontoclasm_vaults_tryst,
          nicolae_vaults_diamond_1, nicolae_vaults_diamond_1,
          layout_vaults_maze_snakey
Vaults:4: nicolae_vaults_trapezoid_lopsided_1, v_misc_19,
          nicolae_vaults_little_squares_6, nicolae_vaults_apartment_2, v_misc_4,
          v_misc_11, ontoclasm_vaults_chip, ontoclasm_vaults_loading_screen,
          layout_vaults_chaotic_city, serial_shops, nicolae_shop_hallway_plus
Vaults:5: serial_shops, uniq_jory
Depths:1: layout_basic, enter_ziggurat_e, grunt_metal_band, serial_aquarium,
          aquarium_bridge_square [aquarium_subvault_wall,
          aquarium_subvault_window, aquarium_subvault_bridge,
          aquarium_subvault_balcony], aquarium_bridge_square
          [aquarium_subvault_bridge, aquarium_subvault_wall,
          aquarium_subvault_bridge, aquarium_subvault_bridge],
          aquarium_window_corridor_1, aquarium_window_2, aquarium_view_2f,
          aquarium_balcony_1b, minmay_shop_mayhem, fedhas_altar_1
Depths:2: gammafunk_sealed_library, layout_cave_pools, lemuel_statue_altar,
          pan_entry, abyss_entry_flame_altar, hangedman_coc_ice_floe,
          nicolae_ru_great_annihilating_truth
Depths:3: kennysheep_large_spiral, layout_cave_pools, serial_glass,
          glass_columns_b, glass_columns_a, serial_shops, bzr_entry_road,
          nicolae_hepliaklqana_hazy_memory, abyss_entry_crystal, hell_entry,
          minmay_staircase_bubble, minmay_shop_grove, serial_bayou_shore_b,
          grunt_megastairs_3
Depths:4: grunt_zot_entry_gee_three, layout_small_grid,
          grunt_hell_entry_dis_grunt, uniq_vv, uniq_josephina
Zot:1:    layout_misc_corridors, regret_index_zotdec_plus
Zot:2:    layout_cellular_growth, regret_index_zotdec_dark_gr,
          regret_index_zotdec_twisting_globes
Zot:3:    layout_onion_interference
Zot:4:    layout_gridlike, nicolae_lava_and_water, zot_minivault_6,
          grunt_megastairs_4
Zot:5:    layout_cellular_growth

Skill      XL: |  1  2  3  4  5  6  7  8  9 10 11 12 13 14 15 16 17 18 19 20 21 22 23 24 25 |
---------------+----------------------------------------------------------------------------+-----
Earth Magic    | 4 5 6 7 8 9 10 11 12 15 18 | 18.0
Dodging        | 2 4 6 7 |  7.2
Conjurations   | 2 4 6 7 8 9 11 13 15 | 15.0
Spellcasting   | 3 5 6 9 11 13 | 13.9
Evocations     | 4 7 8 |  8.3
Fighting       | 1 3 7 8 9 10 11 12 14 17 | 17.7
Armour         | 2 4 5 6 7 8 9 |  9.4
Invocations    | 1 3 7 9 13 14 16 19 | 19.1
Shields        | 4 5 7 9 |  9.1
Alchemy        | 2 7 10 | 10.0
Necromancy     | 3 8 10 14 | 14.0
Summonings     | 1 |  1.9
Stealth        | 7 |  7.0
Staves         | 6 12 | 12.0
Translocations | 4 10 | 10.7

Action                     |  1- 3 |  4- 6 |  7- 9 | 10-12 | 13-15 | 16-18 | 19-21 | 22-24 | 25-27 || total
---------------------------+-------+-------+-------+-------+-------+-------+-------+-------+-------++-------
  Melee: Unarmed           |     2 |     5 |       |       |       |       |       |       |       ||     7
         Staff             |       |       |    16 |    59 |   286 |   205 |   230 |   334 |    31 ||  1161
         Dagger            |       |       |     1 |       |       |       |       |       |       ||     1
  Throw: Dart              |       |       |     4 |     1 |       |       |       |       |       ||     5
   Cast: Sandblast         |    53 |    49 |    71 |    85 |     8 |     2 |       |       |       ||   268
         Stone Arrow       |       |     5 |    35 |   104 |   670 |   109 |       |       |       ||   923
         Brom's Barrelling |       |     1 |    17 |     7 |     8 |    13 |     3 |       |       ||    49
         Passwall          |       |       |     1 |       |     5 |       |       |       |       ||     6
         Irradiate         |       |       |       |       |    69 |    60 |    72 |    67 |    15 ||   283
         Leda's Liquefacti |       |       |       |       |     2 |    22 |     4 |     1 |       ||    29
         Mephitic Cloud    |       |       |       |       |     2 |    18 |     8 |       |       ||    28
         Bombard           |       |       |       |       |       |   265 |   392 |   445 |    71 ||  1173
         Olgreb's Toxic Ra |       |       |       |       |       |   128 |    86 |    40 |     2 ||   256
         Orb of Destructio |       |       |       |       |       |     2 |       |       |       ||     2
         Lee's Rapid Decon |       |       |       |       |       |     4 |     5 |     1 |       ||    10
         Petrify           |       |       |       |       |       |     1 |     7 |       |       ||     8
         Martyr's Knell    |       |       |       |       |       |       |    17 |    25 |     1 ||    43
         Death Channel     |       |       |       |       |       |       |     5 |    28 |     2 ||    35
         Apportation       |       |       |       |       |       |       |       |       |     2 ||     2
 Invoke: Wall of Briars    |       |       |       |     1 |     1 |     4 |     7 |    11 |     1 ||    25
         Grow Ballistomyce |       |       |       |       |     4 |    13 |     7 |    14 |     3 ||    41
         Overgrow          |       |       |       |       |       |       |       |     3 |     3 ||     6
         Grow Oklob        |       |       |       |       |       |       |       |     1 |       ||     1
         Depart the Abyss  |       |       |       |       |       |       |       |       |     1 ||     1
  Evoke: Wand              |       |       |    25 |     3 |     5 |    30 |    12 |     9 |     1 ||    85
         Phial of floods   |       |       |       |       |       |     2 |     2 |       |       ||     4
         Lightning rod     |       |       |       |       |       |       |     8 |    10 |       ||    18
         Phantom mirror    |       |       |       |       |       |       |     1 |     1 |     1 ||     3
    Use: Scroll            |       |       |     5 |     7 |     8 |    10 |     8 |     9 |     9 ||    56
         Potion            |       |       |     2 |     1 |     2 |     5 |     3 |     4 |     8 ||    25
   Stab: Sleeping          |       |       |       |     1 |       |       |       |       |       ||     1
         Confused          |       |       |       |       |     2 |     4 |       |    10 |     1 ||    17
         Petrified         |       |       |       |       |       |    12 |     2 |       |       ||    14
         Distracted        |       |       |       |       |       |       |     2 |     7 |     1 ||    10
 Armour: Robe              |     9 |    34 |    30 |       |       |       |   241 |   428 |    76 ||   818
         Steam dragon scal |       |       |    27 |   155 |   468 |    31 |       |       |       ||   681
         Leather armour    |       |       |       |       |    19 |       |       |       |       ||    19
         Acid dragon scale |       |       |       |       |       |   534 |   122 |       |       ||   656
  Dodge: Dodged            |    12 |    32 |    46 |    98 |   309 |   255 |   246 |   300 |    50 ||  1348
  Block: Buckler           |       |       |       |    33 |   219 |   197 |   159 |   207 |    36 ||   851
         Reflection        |       |       |       |       |       |       |     1 |       |       ||     1

Table legend: (Time is in decaauts)
 A = Elapsed time spent in this place.
 B = Non-inter-level travel time spent in this place.
 C = Inter-level travel time spent in this place.
 D = Time resting spent in this place.
 E = Time spent auto-exploring this place.
 F = Levels seen in this place.
 G = Mean time per level.
                   A        B        C        D        E       F      G
               +--------+--------+--------+--------+--------+-----+--------+
         Total |  63766 |  59929 |   3837 |   9841 |  35739 |  54 | 1180.9 |
       Dungeon |  18621 |  16915 |   1706 |   2049 |  11506 |  15 | 1241.4 |
        Temple |     30 |      5 |     25 |      0 |      0 |   1 |   30.0 |
          Lair |   7742 |   7273 |    469 |    789 |   5165 |   5 | 1548.4 |
        Shoals |   6310 |   6086 |    224 |   1162 |   3772 |   4 | 1577.5 |
   Spider Nest |   6247 |   5978 |    269 |   1687 |   3079 |   4 | 1561.8 |
  Orcish Mines |   3233 |   2978 |    255 |    741 |   1505 |   2 | 1616.5 |
   Elven Halls |   4199 |   3891 |    308 |    728 |   2412 |   3 | 1399.7 |
        Vaults |  10596 |  10227 |    369 |   1070 |   6428 |   5 | 2119.2 |
        Depths |   2367 |   2254 |    113 |    665 |    857 |   4 |  591.8 |
           Zot |   2036 |   1942 |     94 |    577 |    466 |   5 |  407.2 |
         Abyss |     57 |     57 |      0 |      0 |      0 |   1 |   57.0 |
        Bazaar |    110 |    110 |      0 |      0 |     20 |   1 |  110.0 |
         Trove |    112 |    112 |      0 |      0 |     48 |   1 |  112.0 |
       Volcano |    344 |    344 |      0 |     30 |    153 |   1 |  344.0 |
    Desolation |   1286 |   1286 |      0 |    262 |    175 |   1 | 1286.0 |
      Gauntlet |    468 |    468 |      0 |     79 |    152 |   1 |  468.0 |
               +--------+--------+--------+--------+--------+-----+--------+

Top non-repeatable levels by time:
Vaults:5: 3137 daAuts
   Orc:2: 2433 daAuts
  Lair:5: 2195 daAuts
Vaults:4: 2130 daAuts
Vaults:2: 1946 daAuts
Shoals:4: 1919 daAuts
Shoals:3: 1865 daAuts
Vaults:3: 1760 daAuts
     D:9: 1725 daAuts
Spider:1: 1709 daAuts
     D:8: 1700 daAuts
   Elf:3: 1681 daAuts
   Elf:1: 1679 daAuts
Spider:2: 1627 daAuts
Vaults:1: 1621 daAuts
